Map: 로스트 앤 파운드 - 래더

Players

Creator

  • Race: Protoss Protoss
  • League: Master
  • Spawn Location: 1:00

Reynor - Winner!

  • Race: Zerg Zerg
  • League: Master
  • Spawn Location: 7:00

Event: HomeStory Cup XVIII

VOD

Have the link to the VOD?

Description

Time

  • Played on: Nov. 22, 2018, 5:30 p.m.
  • Length: 11:03

All games in this series

Show
View Real Time Build Order
Export as new Build Order

Creator Protoss 

Build Orders: 1 Gate Expand, Oracle Opening, Phoenix Opening, Archon Immortal 

Get SALT Encoding   

  12  0:00  Probe  
  13  0:12  Probe  
  14  0:19  Pylon  
  14  0:24  Probe  
  15  0:33  Probe  
  15  0:41  Gateway, Probe  
  16  0:47  Assimilator  
  17  0:51  Probe  
  18  1:03  Probe  
  19  1:16  Probe  
  20  1:23  Nexus  
  20  1:34  Cybernetics Core  
  20  1:37  Probe  
  21  1:43  Assimilator  
  21  1:49  Probe  
  21  1:52  Pylon  
  22  2:01  Probe  
  22  2:02  Adept  
  23  2:13  Probe  
  26  2:16  Stargate  
  26  2:25  Probe, Warp Gate  
  26  2:28  Adept  
  29  2:31  Probe  
  29  2:33  Probe  
  30  2:40  Probe  
  30  2:41  Probe  
  32  2:50  Probe  
  33  2:52  Probe  
  33  2:54  Phoenix  
  33  2:55  Adept  
  37  3:03  Probe  
  37  3:04  Probe  
  41  3:14  Pylon  
  41  3:15  Probe  
  41  3:16  Oracle, Probe  
  46  3:22  Assimilator  
  46  3:25  Assimilator  
  46  3:32  Probe  
  46  3:33  Probe  
  48  3:35  Gateway  
  48  3:45  Probe x2  
  48  3:47  Pylon, Twilight Council  
  50  3:54  Gateway  
  50  3:57  Probe x2  
  52  4:03  Pylon  
  52  4:05  Resonating Glaives  
  52  4:09  Probe x2  
  54  4:16  Assimilator  
  54  4:21  Probe x2  
  54  4:23  Pylon  
  56  4:29  Zealot  
  58  4:33  Probe x2  
  58  4:34  Adept  
  62  4:49  Adept x2  
  62  4:51  Probe  
  62  4:52  Probe  
  67  5:02  Adept  
  67  5:04  Probe x2  
  70  5:11  Adept  
  70  5:12  Adept  
  72  5:16  Robotics Facility x2  
  72  5:23  Nexus  
  72  5:24  Adept, Probe  
  72  5:25  Probe  
  76  5:30  Pylon  
  76  5:33  Adept  
  78  5:37  Charge  
  78  5:40  Shield Battery, Pylon  
  78  5:47  Pylon  
  78  5:48  Pylon  
  76  5:50  Adept x2  
  79  5:58  Probe x2  
  79  6:01  Pylon  
  79  6:03  Gateway  
  81  6:05  Pylon, Adept  
  81  6:06  Warp Prism  
  81  6:07  Observer  
  81  6:09  Probe x2  
  88  6:17  Probe x2  
  88  6:32  Immortal  
  86  6:33  Adept  
  86  6:34  Adept x2  
  88  6:42  Probe x3  
  88  6:44  Immortal  
  85  6:52  Templar Archives  
  83  6:54  Probe x3  
  83  6:59  Gateway  
  86  7:02  Zealot, Sentry  
  86  7:04  Shield Battery  
  86  7:06  Probe  
  86  7:08  Gateway  
  91  7:12  Gateway  
  91  7:14  Gateway  
  91  7:21  Assimilator  
  91  7:23  Assimilator  
  91  7:27  Warp Prism, Immortal  
  91  7:29  High Templar  
  87  7:30  High Templar x3  
  87  7:33  Archon  
  87  7:34  Archon  
  87  7:36  Probe x3  
  96  7:57  Immortal  
  94  8:05  Pylon  
  98  8:10  Zealot x8  
  98  8:11  Immortal  
  114  8:33  Zealot x4  
  114  8:34  Zealot x4  
  111  8:43  Immortal  
  111  8:47  Immortal  
  103  8:55  Zealot x6  
  107  8:56  Probe x2  
  107  8:57  Zealot x2  
  107  8:58  Zealot x4  
  107  9:02  High Templar x2  
  101  9:08  Archon  
  93  9:10  Psionic Storm  
  93  9:17  High Templar x2  
  93  9:19  Immortal  
  93  9:22  Archon  
  97  9:30  Zealot x4  
  109  9:38  High Templar x2  
  109  9:41  Immortal  
  109  9:42  Pylon, Archon  
  109  9:50  Zealot x2  
  117  9:53  High Templar  
  119  10:00  Sentry  
  119  10:02  Immortal  
  121  10:09  Zealot  
  115  10:24  Immortal  
  115  10:25  Zealot  
  115  10:27  Zealot  
  115  10:28  Zealot  
  93  10:32  Zealot x5  
Show
View Real Time Build Order
Export as new Build Order

Reynor Zerg - Winner!

Build Orders: Hatch First 

Get SALT Encoding   

  12  0:00  Drone  
  13  0:12  Overlord  
  13  0:16  Drone  
  14  0:30  Drone x2  
  16  0:47  Hatchery  
  15  0:50  Drone  
  15  0:54  Drone  
  17  0:57  Drone  
  18  1:09  Extractor  
  17  1:13  Spawning Pool  
  17  1:17  Drone  
  17  1:20  Drone  
  18  1:27  Drone  
  19  1:38  Drone  
  20  1:49  Overlord  
  20  2:00  Zergling x4  
  20  2:01  Queen  
  24  2:02  Queen  
  26  2:10  Drone  
  26  2:11  Drone  
  26  2:14  Metabolic Boost  
  28  2:21  Drone x2  
  30  2:38  Drone, Hatchery  
  30  2:48  Queen  
  32  2:52  Overlord  
  32  2:54  Zergling x2  
  32  2:55  Drone  
  34  3:00  Drone x2  
  35  3:06  Overlord  
  35  3:11  Drone x2  
  35  3:12  Drone  
  38  3:14  Drone  
  39  3:20  Drone x2  
  39  3:24  Queen  
  43  3:27  Drone  
  43  3:30  Overlord  
  43  3:33  Overlord  
  44  3:35  Drone  
  44  3:38  Drone  
  46  3:48  Evolution Chamber  
  45  3:51  Drone x2  
  45  3:53  Queen, Drone  
  50  3:56  Spore Crawler  
  50  4:00  Zergling x6  
  50  4:02  Zergling x2  
  53  4:07  Spore Crawler  
  53  4:08  Drone x3  
  56  4:10  Drone x2  
  56  4:12  Drone  
  58  4:17  Zerg Melee Weapons Level 1  
  58  4:18  Zergling x4  
  58  4:21  Drone x2  
  58  4:23  Drone  
  62  4:26  Drone  
  62  4:28  Overlord  
  62  4:31  Drone  
  64  4:40  Queen  
  64  4:41  Overlord  
  65  4:46  Queen  
  65  4:50  Zergling x6  
  65  4:52  Overlord  
  69  4:54  Drone x3  
  69  4:56  Drone x2  
  73  5:01  Zergling x6  
  73  5:02  Overlord  
  73  5:05  Zergling x4  
  76  5:08  Lair  
  76  5:11  Drone x2, Spore Crawler  
  75  5:14  Drone x2  
  75  5:15  Drone, Spore Crawler  
  75  5:19  Drone, Spore Crawler  
  75  5:20  Spore Crawler  
  77  5:21  Drone  
  77  5:24  Queen  
  77  5:27  Drone x3  
  82  5:30  Extractor  
  81  5:37  Queen  
  81  5:38  Drone x6  
  89  5:44  Drone x3  
  89  5:45  Drone  
  92  5:50  Overlord  
  92  5:51  Drone x2  
  92  5:56  Spore Crawler  
  92  5:57  Drone x4  
  92  5:59  Drone x2  
  92  6:01  Extractor x2  
  96  6:04  Zergling x4  
  96  6:06  Overlord  
  96  6:07  Extractor  
  96  6:12  Zergling x6, Hydralisk Den  
  96  6:14  Hatchery  
  96  6:16  Zerg Melee Weapons Level 2  
  97  6:19  Zergling x8  
  97  6:22  Zergling x6  
  103  6:27  Zergling x6  
  103  6:29  Zergling x6  
  103  6:31  Zergling x2  
  101  6:33  Zergling x2  
  94  6:40  Zergling x2  
  94  6:42  Zergling x2  
  94  6:43  Zergling x2  
  94  6:44  Muscular Augments  
  93  6:47  Zergling x6  
  96  6:55  Baneling Nest  
  96  6:56  Drone x5  
  100  7:02  Drone x2  
  100  7:05  Zergling x2  
  103  7:11  Drone  
  103  7:12  Drone  
  103  7:14  Extractor  
  104  7:17  Overlord  
  104  7:21  Overlord x2  
  104  7:24  Hydralisk x3  
  104  7:25  Hydralisk x2  
  104  7:28  Hydralisk x2  
  115  7:30  Hydralisk  
  115  7:34  Drone  
  118  7:37  Hydralisk x4  
  118  7:40  Drone, Overlord  
  118  7:43  Hatchery  
  118  7:54  Hydralisk x2  
  118  7:55  Hydralisk x3  
  118  7:58  Drone x4  
  128  8:00  Drone x3  
  128  8:05  Grooved Spines  
  132  8:06  Zergling x2  
  132  8:07  Zergling x8  
  132  8:10  Centrifical Hooks  
  132  8:12  Zergling x4  
  139  8:17  Zergling x8  
  139  8:18  Hydralisk  
  145  8:26  Hydralisk, Zergling x4  
  145  8:27  Zergling x4  
  145  8:30  Zergling x8  
  139  8:34  Zergling x8  
  139  8:39  Hydralisk  
  139  8:40  Zergling x2  
  139  8:44  Queen  
  139  8:46  Hydralisk x2, Zergling x4  
  139  8:47  Zergling x6  
  133  8:49  Hydralisk x2  
  133  8:50  Zergling x2  
  126  8:56  Hydralisk x2  
  126  8:57  Hydralisk  
  126  9:00  Zerg Missile Weapons Level 1, Hydralisk  
  122  9:08  Hydralisk x3  
  126  9:11  Drone  
  126  9:12  Queen  
  126  9:14  Hydralisk x3  
  135  9:18  Zergling x10  
  135  9:19  Queen  
  135  9:23  Baneling x6  
  142  9:26  Zergling x4  
  142  9:29  Drone x2  
  142  9:30  Drone  
  146  9:32  Drone x2  
  146  9:33  Drone x4  
  146  9:35  Baneling  
  146  9:36  Baneling x7  
  146  9:38  Zergling x2  
  152  9:41  Zergling x6  
  155  9:50  Zergling x12  
  156  9:57  Infestation Pit  
  156  9:58  Queen  
  157  10:00  Baneling x3  
  157  10:01  Baneling x7  
  157  10:03  Baneling x2  
  157  10:04  Zergling x2  
  157  10:05  Overlord  
  157  10:07  Overlord  
  149  10:25  Hydralisk  
  149  10:26  Hydralisk x7  
  149  10:27  Zergling x16  
  155  10:30  Hydralisk x2  
  155  10:31  Zergling x4  
  153  10:36  Hydralisk  
  153  10:41  Drone x3  
  152  10:42  Zergling x4  
  152  10:43  Extractor, Zergling x2  
  152  10:45  Zergling x6  
  152  10:47  Drone  
  152  10:48  Drone x2  
  159  10:59  Extractor  
  159  11:01  Extractor, Spire  
Tags
 
Add a new tag
Caveats
  • Supply blocks, unpowered buildings, or Contaminate may cause inaccurate times.
  • Supply counts are checked every 10 seconds.